Map: [ESL] Oceanborn

Players

Spirit

  • Race: Terran Terran
  • Spawn Location: 5:00

GunGFuBanDa - Winner!

  • Race: Protoss Protoss
  • Spawn Location: 11:00

Event: ESL SC2 Masters 2023 Winter (Regional)

VOD

Have the link to the VOD?

Description

Time

  • Played on: Nov. 9, 2023, 10:18 a.m.
  • Length: 7:47

All games in this series

Show
View Real Time Build Order
Export as new Build Order

Spirit Terran 

Build Orders: 2 Factory, Cyclone Opening, Mech 

Get SALT Encoding   

  12  0:00  SCV  
  13  0:12  SCV  
  14  0:17  Supply Depot  
  14  0:24  SCV  
  15  0:38  SCV  
  15  0:39  Barracks  
  16  0:43  Refinery  
  16  0:50  SCV  
  17  1:02  SCV  
  18  1:15  SCV  
  19  1:26  Marine  
  19  1:27  Orbital Command  
  20  1:41  Command Center  
  20  1:52  Factory  
  20  1:56  SCV  
  21  2:03  Supply Depot  
  21  2:06  Barracks Reactor  
  21  2:09  SCV  
  21  2:12  Refinery  
  22  2:21  SCV  
  23  2:33  SCV  
  24  2:45  Cyclone x2, SCV  
  29  2:53  Orbital Command  
  29  2:58  SCV  
  30  2:59  Factory  
  30  3:02  Barracks Tech Lab  
  30  3:10  SCV  
  31  3:17  Cyclone, Supply Depot  
  31  3:19  SCV  
  34  3:22  SCV  
  34  3:24  Cyclone  
  37  3:31  SCV  
  38  3:34  SCV  
  38  3:37  Supply Depot  
  39  3:43  SCV  
  39  3:46  SCV  
  41  3:50  Hurricane Engines  
  41  3:51  Cyclone  
  41  3:55  SCV  
  44  3:57  Supply Depot  
  44  3:58  SCV  
  44  3:59  Cyclone  
  47  4:07  SCV  
  47  4:08  Cyclone  
  50  4:10  SCV, Engineering Bay  
  51  4:19  SCV  
  51  4:22  SCV  
  51  4:23  Supply Depot  
  53  4:28  Refinery  
  55  4:31  SCV  
  55  4:34  Siege Tank  
  55  4:36  Hellion  
  59  4:41  Hellion, SCV  
  62  4:46  Supply Depot  
  62  4:47  SCV  
  62  4:52  Command Center  
  63  4:56  SCV  
  64  5:00  SCV  
  64  5:04  Cyclone x2  
  69  5:08  SCV  
  69  5:09  Refinery  
  69  5:12  SCV, Supply Depot  
  71  5:15  Supply Depot  
  71  5:17  Cyclone  
  71  5:21  SCV  
  72  5:24  SCV  
  71  5:31  Factory  
  71  5:33  SCV  
  71  5:34  Supply Depot  
  72  5:36  SCV  
  72  5:37  Cyclone  
  72  5:39  Cyclone, Supply Depot  
  77  5:45  SCV  
  77  5:49  Siege Tank, SCV  
  81  5:57  SCV  
  81  5:58  Supply Depot  
  81  6:01  SCV  
  81  6:06  Orbital Command  
  81  6:09  Hellion, SCV  
  82  6:12  Hellion  
  82  6:17  Factory x2  
  80  6:18  Armory  
  80  6:21  Hellion  
  80  6:22  Orbital Command, Factory Tech Lab  
  80  6:25  Refinery  
  82  6:27  SCV x2  
  82  6:29  Refinery  
  84  6:39  Hellion x2, SCV x2  
  90  6:48  SCV  
  90  6:49  Siege Tank  
  90  6:51  SCV x2  
  90  6:52  Siege Tank  
  93  7:00  Hellion, SCV  
  93  7:01  Factory Tech Lab, Factory Reactor  
  94  7:03  SCV x2  
  94  7:08  Command Center  
  93  7:13  Cyclone  
  81  7:15  SCV  
  81  7:19  SCV  
  67  7:27  SCV  
  61  7:31  SCV  
Show
View Real Time Build Order
Export as new Build Order

GunGFuBanDa Protoss - Winner!

Build Orders: 1 Gate Expand, Blink Stalkers 

Get SALT Encoding   

  12  0:00  Probe  
  13  0:12  Probe  
  14  0:17  Pylon  
  14  0:24  Probe (Chrono Boost)  
  16  0:36  Gateway  
  16  0:37  Probe (Chrono Boost)  
  16  0:42  Probe (Chrono Boost)  
  16  0:45  Assimilator  
  17  0:52  Probe  
  18  1:04  Probe  
  19  1:16  Probe  
  20  1:24  Cybernetics Core  
  20  1:31  Nexus  
  20  1:39  Pylon  
  20  1:45  Probe (Chrono Boost)  
  21  1:52  Assimilator  
  21  1:57  Probe (Chrono Boost)  
  21  2:00  Adept  
  24  2:01  Warp Gate  
  24  2:05  Probe (Chrono Boost)  
  25  2:11  Probe (Chrono Boost)  
  27  2:23  Probe (Chrono Boost)  
  27  2:26  Twilight Council  
  27  2:29  Probe (Chrono Boost)  
  28  2:33  Stalker  
  30  2:41  Probe (Chrono Boost)  
  30  2:43  Probe (Chrono Boost)  
  33  2:53  Probe (Chrono Boost)  
  33  2:54  Probe (Chrono Boost)  
  33  2:56  Blink (Chrono Boost)  
  33  2:58  Probe (Chrono Boost)  
  34  3:03  Probe (Chrono Boost)  
  36  3:10  Probe (Chrono Boost)  
  36  3:12  Gateway  
  37  3:14  Stalker  
  41  3:20  Probe x2 (Chrono Boost)  
  41  3:25  Probe (Chrono Boost)  
  41  3:26  Probe  
  43  3:27  Pylon  
  43  3:30  Robotics Facility  
  43  3:36  Probe  
  43  3:38  Probe  
  45  3:44  Assimilator  
  45  3:48  Probe  
  45  3:51  Probe  
  45  3:52  Stalker  
  45  3:55  Pylon  
  49  4:01  Probe  
  50  4:07  Nexus  
  50  4:11  Stalker  
  50  4:16  Stalker  
  52  4:18  Observer  
  52  4:20  Probe  
  54  4:29  Shield Battery  
  54  4:31  Pylon  
  54  4:35  Stalker  
  54  4:36  Probe x2  
  58  4:39  Observer  
  59  4:45  Gateway  
  59  4:47  Gateway  
  59  4:50  Probe  
  59  4:52  Stalker  
  62  4:58  Probe  
  63  5:02  Forge  
  63  5:04  Probe  
  64  5:09  Stalker  
  64  5:10  Observer, Probe  
  67  5:15  Shield Battery  
  67  5:16  Pylon  
  67  5:18  Stalker  
  67  5:19  Probe  
  67  5:20  Probe  
  71  5:25  Probe  
  72  5:29  Charge (Chrono Boost)  
  72  5:32  Protoss Ground Weapons Level 1 (Chrono Boost), Probe x2  
  74  5:38  Probe  
  74  5:40  Warp Prism  
  77  5:44  Probe  
  78  5:53  Stalker x2  
  78  5:54  Stalker x2  
  86  5:59  Observer  
  86  6:03  Observer  
  86  6:15  Probe x2  
  86  6:16  Immortal (Chrono Boost), Probe  
  93  6:21  Pylon  
  93  6:25  Gateway x2, Pylon  
  93  6:28  Pylon  
  93  6:30  Nexus  
  93  6:32  Nexus  
  93  6:35  Pylon  
  93  6:39  Probe x3  
  96  6:40  Zealot x2  
  96  6:44  Pylon  
  96  6:45  Zealot x2  
  96  6:46  Pylon  
  104  6:52  Immortal (Chrono Boost)  
  106  7:02  Probe x3  
  106  7:06  Zealot x4  
  109  7:16  Observer  
  109  7:22  Probe x3  
  106  7:27  Gateway  
  106  7:29  Gateway  
  108  7:34  Stalker x5, Probe x2  
  116  7:42  Zealot  
Tags
 
Add a new tag
Caveats
  • Supply blocks, unpowered buildings, or Contaminate may cause inaccurate times.
  • Supply counts are checked every 10 seconds.